Map: Romanticide LE

Players

LiquidClem (Clem)

  • Race: Terran Terran
  • League: Bronze

Dark - Winner!

  • Race: Zerg Zerg

Event: TSL 7

VOD

Have the link to the VOD?

Description

Time

  • Played on: June 20, 2021, 1:33 p.m.
  • Length: 25:35

All games in this series

Show
View Real Time Build Order
Export as new Build Order

LiquidClem Terran 

Build Orders: Reaper Expand 

Get SALT Encoding   

  12  0:00  SCV  
  13  0:12  SCV  
  14  0:17  Supply Depot  
  14  0:24  SCV  
  15  0:38  SCV  
  15  0:40  Barracks  
  16  0:43  Refinery  
  16  0:51  SCV  
  17  1:03  SCV  
  18  1:15  SCV  
  19  1:27  Reaper, Orbital Command  
  20  1:38  Command Center  
  20  1:47  Supply Depot  
  20  1:53  SCV  
  21  1:59  Marine  
  22  2:05  SCV  
  23  2:11  Factory  
  23  2:17  SCV  
  23  2:21  Barracks Reactor  
  24  2:29  SCV  
  25  2:39  Command Center  
  25  2:41  SCV  
  26  2:52  Orbital Command  
  26  2:54  SCV  
  27  3:00  Barracks  
  27  3:06  SCV  
  27  3:07  Hellion  
  27  3:11  Hellion  
  27  3:12  Barracks Tech Lab  
  32  3:17  SCV  
  32  3:19  SCV  
  34  3:21  Refinery  
  34  3:29  SCV, Hellion  
  34  3:31  SCV  
  34  3:33  Hellion  
  40  3:36  Marine  
  40  3:40  Stimpack  
  41  3:41  SCV  
  41  3:43  SCV  
  43  3:52  Orbital Command  
  43  3:53  Starport  
  43  3:57  Marine  
  43  3:58  SCV  
  43  3:59  Marine  
  43  4:00  Marine  
  43  4:01  SCV  
  48  4:03  Factory Reactor  
  48  4:09  Supply Depot  
  47  4:11  SCV  
  47  4:13  SCV  
  47  4:15  Marine  
  50  4:18  SCV  
  51  4:24  Marine x2  
  51  4:27  SCV x2  
  51  4:30  SCV  
  56  4:31  Barracks  
  56  4:32  Supply Depot  
  56  4:33  Marine  
  57  4:39  SCV x2  
  57  4:40  Refinery  
  57  4:42  Marine x2  
  61  4:46  SCV  
  62  4:52  Factory Tech Lab  
  62  4:53  Marine  
  62  4:54  Supply Depot  
  62  4:57  SCV x2  
  55  5:00  SCV, Marine x2  
  55  5:04  Bunker  
  55  5:06  Supply Depot  
  56  5:09  SCV x2  
  56  5:11  Marine  
  56  5:12  SCV, Medivac  
  59  5:14  Medivac  
  59  5:18  Marine  
  59  5:21  SCV, Combat Shield  
  62  5:22  Barracks Reactor, SCV  
  62  5:24  Orbital Command  
  62  5:26  Marine  
  62  5:27  Siege Tank  
  68  5:32  Marine  
  68  5:33  Refinery, SCV  
  68  5:34  SCV  
  71  5:35  Marine  
  72  5:43  Supply Depot  
  72  5:44  Marine  
  72  5:45  SCV  
  72  5:46  SCV  
  75  5:50  Marine  
  75  5:51  SCV  
  75  5:55  Supply Depot  
  77  5:58  Marine  
  77  6:00  Engineering Bay  
  77  6:01  Barracks x2, Engineering Bay  
  78  6:06  SCV x2  
  78  6:09  Supply Depot  
  81  6:11  Orbital Command  
  81  6:14  Marine x3  
  81  6:15  Marine  
  83  6:19  Marine  
  83  6:22  Supply Depot  
  83  6:24  Supply Depot  
  83  6:25  SCV x2  
  86  6:27  Terran Infantry Weapons Level 1  
  86  6:31  Marine  
  86  6:32  Marine  
  88  6:33  Terran Infantry Armor Level 1  
  88  6:34  Marine  
  88  6:37  SCV x2  
  88  6:38  SCV  
  90  6:43  Widow Mine  
  90  6:45  Marine x2  
  94  6:49  SCV, Marine  
  94  6:51  Marine  
  94  6:52  Barracks Reactor x2  
  97  6:54  SCV  
  97  6:55  SCV  
  97  6:57  Supply Depot  
  97  7:00  Marine  
  101  7:01  SCV  
  101  7:03  Marine  
  101  7:06  SCV, Marine, Supply Depot  
  104  7:09  Siege Tank  
  104  7:10  SCV  
  104  7:13  SCV  
  104  7:14  Medivac  
  111  7:17  Medivac  
  111  7:18  Marine x2  
  111  7:22  SCV x2  
  116  7:24  Factory  
  116  7:25  SCV  
  116  7:28  Marine  
  118  7:30  Supply Depot  
  118  7:32  Marine x2  
  118  7:35  SCV  
  118  7:36  Armory  
  121  7:39  Refinery, Marine x3  
  121  7:41  Widow Mine, SCV  
  127  7:44  Supply Depot  
  127  7:45  SCV  
  127  7:46  Marine  
  127  7:48  SCV  
  130  7:53  SCV  
  130  7:54  Marine x2  
  130  7:57  Marine  
  134  7:59  Marine  
  134  8:00  Marine x3  
  134  8:02  Marine, Medivac x2  
  134  8:03  Widow Mine  
  134  8:04  Supply Depot  
  145  8:10  Command Center  
  145  8:12  Factory Reactor  
  145  8:15  Supply Depot  
  145  8:17  Supply Depot  
  145  8:19  Marine  
  145  8:20  Marine x2  
  145  8:24  Widow Mine, Marine x2  
  145  8:25  Marine x2  
  154  8:27  Terran Infantry Weapons Level 2  
  154  8:28  Marine  
  154  8:30  Supply Depot  
  154  8:31  Marine  
  156  8:36  Terran Infantry Armor Level 2  
  156  8:37  Marine, Supply Depot  
  156  8:38  Marine  
  158  8:44  Marine x2  
  158  8:45  Widow Mine  
  158  8:48  Marine  
  163  8:51  Marine x2  
  163  8:52  Widow Mine x2  
  163  8:53  Supply Depot  
  163  8:54  Drilling Claws  
  167  8:57  Liberator  
  167  8:59  Marine  
  167  9:01  Marine x2, Supply Depot  
  173  9:04  SCV  
  173  9:05  Refinery, SCV  
  173  9:06  SCV  
  173  9:07  Widow Mine  
  173  9:08  Marine  
  173  9:09  Marine  
  180  9:14  Widow Mine x2  
  183  9:20  Marine, Medivac  
  183  9:22  Marine x2  
  183  9:23  Marine  
  180  9:28  Widow Mine, Marine x3  
  158  9:35  Widow Mine  
  158  9:36  Widow Mine  
  158  9:37  SCV, Marine x2  
  158  9:38  SCV, Marine  
  147  9:40  SCV, Medivac  
  147  9:41  SCV, Marine  
  124  9:46  Marine x2  
  124  9:49  SCV  
  124  9:50  Widow Mine, Marine x2  
  131  9:54  SCV  
  131  9:56  Widow Mine, SCV  
  131  9:57  Widow Mine  
  134  10:01  SCV  
  134  10:04  Marine x2  
  131  10:08  SCV  
  131  10:09  SCV  
  131  10:13  SCV, Siege Tank  
  137  10:17  Marine  
  137  10:19  Marine  
  137  10:20  SCV  
  137  10:21  Marine  
  140  10:27  SCV  
  142  10:29  Marine x2  
  142  10:30  Marine  
  145  10:37  Marauder, Marine, Supply Depot  
  145  10:42  Barracks, Marine  
  146  10:44  Barracks x2  
  146  10:49  SCV, Marine  
  138  10:57  Planetary Fortress  
  138  10:59  Marauder  
  138  11:01  Terran Infantry Weapons Level 3  
  138  11:02  Marine x3  
  138  11:03  SCV  
  144  11:05  Widow Mine  
  144  11:07  Marine  
  144  11:08  Marine x3  
  144  11:09  SCV  
  144  11:11  Marine  
  128  11:14  Siege Tank  
  128  11:18  SCV  
  129  11:19  SCV, Marine  
  129  11:20  Marauder  
  129  11:21  SCV, Marine  
  129  11:22  Marine  
  129  11:23  Widow Mine  
  138  11:25  Marine  
  138  11:26  Terran Infantry Armor Level 3  
  138  11:30  SCV  
  138  11:31  SCV  
  141  11:33  SCV  
  141  11:38  Barracks Tech Lab x3  
  144  11:40  Widow Mine  
  144  11:42  Marauder  
  146  11:48  Supply Depot  
  146  11:49  Refinery, Marine x3  
  146  11:53  Siege Tank  
  154  11:54  Widow Mine, Ghost Academy  
  154  11:56  SCV, Marine  
  154  12:00  Sensor Tower  
  156  12:02  Command Center  
  156  12:03  Marauder  
  156  12:04  SCV  
  159  12:09  Marauder  
  159  12:11  Supply Depot  
  159  12:12  Widow Mine  
  159  12:13  Medivac x2  
  165  12:23  Marauder, Marine x2  
  165  12:24  SCV  
  165  12:26  Ghost x2  
  177  12:30  Ghost, Siege Tank  
  177  12:31  SCV x2  
  177  12:32  Refinery  
  177  12:34  Terran Vehicle And Ship Armor Level 1  
  181  12:38  Widow Mine x2  
  185  12:45  Ghost  
  187  12:55  Ghost, Concussive Shells  
  189  13:00  Command Center  
  189  13:02  Command Center  
  189  13:05  Ghost  
  191  13:08  Missile Turret  
  191  13:14  Ghost  
  191  13:23  Ghost  
  193  13:32  Widow Mine  
  159  13:35  Ghost x2  
  159  13:36  Marine  
  159  13:37  Marine  
  158  13:43  Widow Mine, Marine  
  158  13:46  Ghost, Marine  
  158  13:47  Marine  
  158  13:48  Marine  
  139  13:49  Marine  
  139  13:50  Marine  
  139  13:52  Marine  
  139  13:54  Marine  
  139  13:55  Widow Mine, Marine  
  128  13:56  SCV  
  128  13:58  SCV  
  128  14:01  Marine  
  128  14:02  SCV  
  128  14:04  Marauder, Marine  
  128  14:08  Marine  
  128  14:09  Marine, SCV, Ghost  
  127  14:10  Orbital Command, Medivac  
  127  14:12  Marine  
  131  14:19  Ghost, Command Center x2  
  131  14:22  Widow Mine x2, Marine x4  
  141  14:25  Refinery  
  141  14:26  Refinery  
  141  14:30  Refinery  
  141  14:33  Marine x4  
  141  14:36  Planetary Fortress  
  143  14:39  Widow Mine, Marine x2  
  143  14:43  Widow Mine  
  149  14:48  SCV  
  149  14:50  Missile Turret  
  149  14:51  Ghost  
  149  14:52  SCV  
  153  14:53  SCV  
  152  15:00  SCV  
  152  15:04  Ghost  
  152  15:05  Command Center  
  155  15:12  Medivac, Siege Tank  
  155  15:14  Medivac  
  162  15:15  Marauder x2  
  165  15:26  Ghost  
  167  15:32  Ghost  
  169  15:39  Ghost  
  169  15:44  Orbital Command x2  
  169  15:47  Ghost  
  171  15:57  Refinery, Ghost  
  171  15:58  Refinery  
  171  16:03  Widow Mine, Siege Tank  
  171  16:04  Widow Mine  
  180  16:05  Marauder  
  180  16:06  Marine x2  
  180  16:07  Marine x4  
  180  16:08  Marine  
  180  16:09  Marauder  
  191  16:16  Unknown  
  191  16:21  Sensor Tower x2  
  191  16:23  Missile Turret  
  191  16:25  Widow Mine  
  193  16:26  Widow Mine  
  193  16:29  Ghost  
  197  16:33  Ghost  
  197  16:36  Missile Turret  
  198  16:46  Widow Mine  
  200  16:52  Widow Mine  
  186  16:55  Ghost  
  186  16:56  Ghost  
  186  16:59  Ghost  
  173  17:02  Widow Mine  
  173  17:03  SCV  
  173  17:04  SCV x2  
  173  17:05  SCV  
  177  17:12  Widow Mine, SCV  
  180  17:17  SCV  
  180  17:19  Widow Mine  
  183  17:23  Widow Mine  
  183  17:24  Ghost x2, Command Center  
  183  17:26  Orbital Command  
  183  17:28  Orbital Command  
  189  17:33  Widow Mine  
  171  17:37  SCV, Marine x2  
  171  17:38  Marine  
  171  17:39  SCV  
  171  17:40  Widow Mine  
  171  17:41  SCV  
  171  17:43  SCV  
  169  17:47  Personal Cloaking  
  169  17:49  SCV  
  170  17:51  SCV  
  170  17:52  SCV  
  170  17:54  SCV  
  170  17:55  SCV x2  
  175  18:01  SCV  
  175  18:03  SCV  
  167  18:08  Siege Tank  
  167  18:09  Marauder x3, Marine  
  177  18:13  Marine  
  177  18:15  Marine  
  177  18:19  Marauder, Marine x3  
  184  18:23  SCV  
  185  18:27  Orbital Command  
  185  18:28  SCV x2  
  185  18:29  SCV  
  185  18:33  Marine x3  
  191  18:40  Ghost  
  191  18:41  Marine x2  
  191  18:48  SCV  
  155  18:49  Widow Mine  
  155  18:50  SCV  
  155  18:51  SCV  
  155  18:53  SCV  
  155  18:55  SCV  
  155  19:01  Marine  
  156  19:03  SCV  
  156  19:06  Medivac  
  154  19:10  Orbital Command  
  154  19:12  Marine  
  154  19:14  SCV, Marine x4  
  154  19:15  SCV, Marine  
  141  19:17  Marine x5  
  141  19:20  Widow Mine  
  148  19:24  Widow Mine  
  148  19:25  Marine  
  133  19:35  SCV x2  
  133  19:37  Orbital Command  
  133  19:38  SCV  
  128  19:45  SCV  
  127  19:48  Planetary Fortress  
  124  19:53  SCV  
  124  19:59  SCV  
  106  20:01  SCV  
  106  20:02  SCV  
  108  20:09  SCV x2  
  108  20:11  SCV  
  108  20:13  SCV  
  112  20:17  Ghost  
  112  20:18  Ghost  
  116  20:24  Unknown  
  116  20:29  Marine x3  
  116  20:30  SCV, Marine x2  
  116  20:32  SCV x2  
  116  20:33  Ghost  
  124  20:38  Marine  
  124  20:39  SCV  
  124  20:41  Widow Mine  
  124  20:42  Marine x2  
  128  20:46  SCV  
  128  20:47  Ghost x2  
  131  20:52  SCV  
  131  20:53  Refinery  
  131  20:54  Refinery, SCV x3  
  135  21:00  Ghost  
  135  21:03  Widow Mine, Ghost  
  132  21:04  Marine  
  132  21:05  Marine  
  132  21:08  SCV  
  132  21:10  SCV  
  132  21:11  Widow Mine  
  129  21:14  SCV x3  
  129  21:16  Marine  
  133  21:23  Missile Turret  
  135  21:26  Widow Mine x2  
  135  21:32  SCV  
  138  21:33  SCV  
  138  21:34  SCV x2, Ghost  
  138  21:38  Refinery, Ghost  
  145  21:44  Ghost  
  147  21:47  SCV x2  
  147  21:48  SCV x3  
  149  22:04  SCV, Command Center  
  149  22:05  SCV  
  151  22:16  Siege Tank  
  154  22:25  Marauder x3  
  154  22:26  Marauder, Marine x3  
  154  22:27  Marine x4  
  169  22:39  Widow Mine  
  169  22:42  SCV  
  168  22:47  Marauder  
  168  22:48  Missile Turret  
  168  22:50  Widow Mine  
  172  22:55  Command Center  
  172  23:00  SCV x2  
  172  23:07  Widow Mine  
  172  23:10  SCV  
  172  23:11  SCV  
  159  23:13  SCV  
  159  23:17  Widow Mine  
  159  23:18  Siege Tank  
  165  23:27  Marine x3  
  165  23:28  Marauder, Marine  
  165  23:31  Widow Mine, Marine x2  
  165  23:32  Marine x2  
  165  23:34  Marauder  
  179  23:39  Widow Mine  
  181  23:46  Marine  
  181  23:47  Marine x2  
  181  23:48  Marine  
  183  23:51  Widow Mine  
  183  23:53  Widow Mine  
  187  23:57  Sensor Tower  
  187  23:59  Missile Turret  
  187  24:00  SCV  
  187  24:01  Marine  
  189  24:08  Widow Mine  
  159  24:16  Widow Mine, Marine  
  124  24:17  SCV  
  124  24:18  Ghost  
  124  24:19  Ghost  
  124  24:20  Marine x2  
  124  24:24  Marine  
  119  24:28  SCV  
  119  24:30  SCV  
  92  24:34  SCV  
  92  24:35  Marine x2  
  92  24:36  SCV  
  92  24:37  Planetary Fortress  
  96  24:43  SCV, Marine  
  96  24:45  SCV  
  99  24:48  Widow Mine, Marine x4  
  99  24:49  Marine x2  
  99  24:50  SCV  
  108  24:55  SCV  
  108  24:56  Marine x2  
  69  25:15  SCV  
Show
View Real Time Build Order
Export as new Build Order

Dark Zerg - Winner!

Build Orders: Hatch First, Lurkers 

Get SALT Encoding   

  12  0:00  Drone  
  13  0:13  Overlord  
  13  0:17  Drone  
  14  0:32  Drone x2  
  16  0:49  Hatchery  
  15  0:51  Drone  
  15  0:55  Drone  
  17  0:59  Drone  
  18  1:08  Extractor  
  17  1:15  Spawning Pool  
  17  1:16  Drone  
  17  1:19  Drone  
  18  1:29  Drone  
  19  1:41  Drone  
  20  1:51  Drone  
  21  2:01  Queen  
  21  2:02  Queen, Zergling x4  
  27  2:12  Zergling x2, Overlord  
  28  2:21  Hatchery  
  27  2:23  Drone  
  28  2:32  Drone  
  28  2:34  Drone  
  28  2:36  Drone  
  31  2:40  Queen  
  33  2:46  Overlord  
  33  2:50  Drone  
  34  2:55  Metabolic Boost  
  34  2:59  Drone x2  
  36  3:07  Drone x2  
  36  3:12  Drone x3  
  41  3:17  Drone  
  41  3:18  Queen  
  44  3:28  Overlord  
  44  3:34  Queen  
  44  3:35  Drone  
  47  3:41  Zergling x2  
  47  3:42  Zergling x4  
  47  3:44  Overlord x2  
  50  3:49  Zergling x8  
  50  3:54  Zergling x2  
  55  3:56  Queen  
  55  4:02  Evolution Chamber  
  56  4:05  Zergling x8  
  60  4:13  Zergling x6  
  60  4:16  Zergling x6  
  66  4:21  Zergling x6  
  66  4:22  Zergling x2  
  70  4:26  Zergling x2  
  70  4:27  Zergling x2  
  70  4:29  Zerg Melee Weapons Level 1  
  72  4:32  Zergling x4  
  74  4:38  Overlord  
  74  4:42  Overlord  
  73  4:59  Zergling x24  
  72  5:01  Drone  
  72  5:09  Drone  
  72  5:11  Drone  
  72  5:12  Drone x3  
  69  5:18  Drone  
  70  5:23  Drone x2  
  70  5:24  Drone  
  70  5:25  Drone x2  
  75  5:31  Drone  
  75  5:33  Extractor  
  75  5:34  Drone x2  
  77  5:37  Evolution Chamber  
  77  5:40  Drone  
  77  5:42  Drone x3  
  80  5:48  Drone x2  
  82  5:55  Overlord  
  82  6:02  Overlord  
  82  6:03  Zerg Ground Armor Level 1  
  82  6:04  Hatchery  
  82  6:05  Overlord  
  82  6:07  Overlord  
  82  6:10  Zergling x2  
  82  6:14  Hatchery  
  82  6:16  Zergling x14  
  86  6:18  Zergling x2  
  86  6:19  Zergling x2  
  86  6:22  Lair  
  86  6:24  Drone x2  
  90  6:26  Drone  
  90  6:27  Drone  
  88  6:33  Drone x5  
  88  6:36  Drone  
  94  6:44  Zergling x10  
  99  6:50  Baneling Nest  
  99  6:52  Zergling x14  
  103  6:57  Drone  
  103  7:00  Extractor  
  103  7:01  Extractor, Drone  
  103  7:02  Drone  
  104  7:09  Zergling x8  
  104  7:12  Drone  
  109  7:16  Drone  
  109  7:17  Drone  
  109  7:18  Drone  
  112  7:23  Zerg Melee Weapons Level 2  
  112  7:25  Drone  
  112  7:27  Zergling x12  
  120  7:37  Zergling x12  
  120  7:38  Centrifical Hooks  
  120  7:41  Baneling x5  
  120  7:42  Baneling x3  
  120  7:43  Zergling x2  
  126  7:45  Overlord x3  
  126  7:53  Overlord  
  126  7:58  Overlord  
  124  8:01  Overlord  
  124  8:03  Overlord  
  124  8:05  Drone x7  
  131  8:09  Zergling x16  
  131  8:10  Drone  
  140  8:14  Drone x2  
  140  8:18  Hatchery  
  141  8:21  Zerg Ground Armor Level 2  
  141  8:23  Overseer  
  141  8:26  Drone x5  
  146  8:28  Extractor x2  
  146  8:32  Hydralisk Den  
  140  8:38  Zergling x2  
  140  8:39  Zergling x26  
  151  8:42  Zergling x4  
  152  8:53  Zergling x8  
  152  8:54  Baneling x8, Zergling x10  
  152  8:55  Baneling x2  
  160  9:02  Zergling x2  
  160  9:03  Baneling x4, Zergling x10  
  160  9:06  Zergling x4  
  165  9:13  Overlord  
  165  9:15  Zergling x4  
  166  9:18  Overlord x2  
  166  9:20  Baneling x4  
  166  9:21  Baneling x3  
  156  9:27  Zergling x24  
  156  9:30  Zergling x6  
  165  9:36  Zergling x12  
  153  9:42  Zergling x2  
  153  9:43  Zergling x6  
  143  9:47  Overseer  
  143  9:51  Grooved Spines  
  135  9:53  Drone x4  
  135  9:55  Hydralisk x4  
  141  10:00  Hydralisk x3  
  141  10:03  Zerg Missile Weapons Level 1  
  141  10:06  Hydralisk  
  148  10:10  Zergling x12  
  154  10:18  Hydralisk x2  
  154  10:21  Baneling x2  
  158  10:27  Zergling x16  
  166  10:35  Zergling x6  
  169  10:36  Baneling x2  
  169  10:42  Zergling x6  
  169  10:46  Hatchery  
  155  10:50  Drone x4  
  155  10:51  Zergling x2  
  155  10:52  Zergling x6  
  155  10:53  Drone x3  
  158  10:57  Overseer  
  158  10:58  Drone x3  
  158  11:01  Drone  
  158  11:02  Muscular Augments  
  152  11:08  Drone x4  
  137  11:13  Drone x2  
  137  11:16  Overseer  
  137  11:17  Drone  
  137  11:18  Drone  
  141  11:22  Drone x2  
  141  11:24  Drone  
  144  11:30  Hydralisk  
  144  11:31  Hydralisk x2  
  150  11:33  Drone  
  150  11:35  Baneling x2  
  150  11:36  Baneling x6  
  152  11:46  Zergling x12  
  158  11:50  Pneumatized Carapace  
  158  11:52  Zergling x8  
  162  11:59  Zergling x2  
  162  12:00  Zergling x8  
  162  12:01  Hatchery  
  166  12:07  Zergling x8  
  170  12:09  Zerg Missile Weapons Level 2  
  170  12:11  Lurker Den  
  170  12:13  Zergling x12, Infestation Pit  
  170  12:14  Baneling x6  
  173  12:20  Drone x2  
  173  12:22  Zergling x6  
  178  12:27  Zergling x12  
  184  12:33  Zergling x2  
  184  12:34  Zergling x4  
  184  12:35  Baneling x3  
  187  12:41  Zergling x2  
  187  12:42  Zergling x8  
  189  12:50  Drone  
  189  12:52  Zergling x2  
  189  12:53  Overlord x3  
  189  12:54  Overlord  
  190  12:58  Hive  
  190  13:00  Baneling x3  
  190  13:01  Baneling x6  
  190  13:08  Spore Crawler  
  190  13:09  Lurker  
  190  13:11  Overlord  
  190  13:14  Lurker x5  
  190  13:18  Zergling x12  
  199  13:24  Baneling  
  199  13:25  Baneling x3  
  161  13:38  Zergling x26  
  151  13:49  Zergling x18  
  151  13:50  Zergling x6  
  151  13:54  Zergling x4  
  153  13:59  Zergling x2  
  145  14:05  Zergling x2  
  145  14:06  Zergling x8  
  143  14:16  Drone x4  
  143  14:17  Drone  
  148  14:18  Hydralisk x2  
  148  14:19  Hydralisk  
  148  14:20  Spore Crawler  
  148  14:23  Zergling x4  
  151  14:27  Zerg Melee Weapons Level 3, Zerg Ground Armor Level 3  
  151  14:28  Viper, Adrenal Glands  
  151  14:30  Hatchery  
  150  14:34  Zergling x10  
  155  14:41  Zergling x10  
  160  14:46  Zergling x2  
  161  14:54  Zergling x14  
  161  14:56  Lurker x4  
  172  15:02  Hatchery, Zergling x18  
  172  15:03  Zergling x12  
  172  15:06  Seismic Spines  
  186  15:10  Baneling x2  
  186  15:15  Zergling x10  
  191  15:21  Burrow  
  191  15:31  Spine Crawler x2  
  191  15:32  Zergling x22  
  191  15:33  Extractor  
  199  15:42  Lurker  
  199  15:43  Lurker x2  
  198  15:56  Zergling x2  
  199  16:02  Baneling x3  
  199  16:03  Baneling x4  
  199  16:04  Adaptive Talons  
  196  16:09  Drone x3  
  199  16:12  Extractor  
  199  16:13  Drone  
  199  16:15  Spore Crawler  
  198  16:21  Hatchery  
  198  16:24  Overlord x2  
  197  16:25  Overseer x4  
  197  16:26  Overlord x3  
  197  16:31  Zergling x10  
  140  16:55  Zergling x20  
  140  16:57  Zergling x24  
  140  16:58  Zergling x14  
  136  17:02  Zergling x4  
  136  17:05  Hydralisk x3  
  136  17:06  Zergling x18  
  136  17:07  Zergling x4  
  154  17:09  Zergling x6  
  154  17:12  Baneling x11  
  154  17:13  Zergling x2  
  154  17:15  Zergling x12  
  164  17:18  Baneling  
  164  17:19  Drone x2  
  164  17:20  Drone x3  
  169  17:28  Zergling x6  
  169  17:29  Drone x3  
  160  17:38  Zergling x8  
  150  17:47  Hydralisk x4  
  150  17:48  Zergling x2  
  150  17:49  Zergling x10  
  160  17:52  Zergling x10  
  160  17:57  Drone x2  
  166  18:01  Zergling x6  
  166  18:02  Zergling x4  
  166  18:03  Baneling x4  
  166  18:04  Baneling x6, Lurker  
  166  18:05  Lurker x2  
  171  18:06  Zergling x2  
  171  18:07  Zergling x4  
  171  18:09  Baneling x2  
  171  18:10  Hydralisk  
  171  18:11  Hydralisk x3  
  182  18:14  Baneling x3  
  182  18:17  Zergling x8  
  186  18:22  Zergling x10  
  186  18:24  Baneling  
  186  18:25  Baneling x8  
  191  18:27  Zergling x6  
  191  18:32  Zergling x10  
  195  18:37  Zergling x4  
  195  18:38  Zergling x2  
  195  18:39  Zergling x4  
  178  18:44  Zergling x6  
  178  18:47  Hydralisk x3  
  177  18:49  Zergling x2  
  177  18:52  Zergling x2  
  174  18:58  Overseer x3  
  174  19:01  Baneling x3  
  170  19:06  Zergling x20  
  170  19:09  Zergling x4  
  176  19:14  Zergling x6  
  176  19:15  Zergling x8  
  165  19:19  Drone x4  
  165  19:21  Unknown  
  163  19:25  Drone x4  
  163  19:26  Zergling x2  
  163  19:27  Zergling x4  
  163  19:31  Zergling x6  
  161  19:32  Lurker  
  161  19:33  Lurker  
  151  19:41  Zergling x2  
  151  19:42  Zergling x12  
  148  19:57  Zergling x6  
  148  19:58  Zergling x8  
  151  20:00  Lurker x4  
  151  20:02  Drone x3  
  151  20:05  Drone x6  
  163  20:08  Baneling x4  
  163  20:12  Hydralisk x2  
  164  20:23  Zergling x12  
  164  20:26  Baneling x3  
  170  20:29  Hatchery  
  170  20:33  Hydralisk x3  
  170  20:34  Baneling x2  
  175  20:36  Zerg Missile Weapons Level 3  
  175  20:41  Drone x8  
  177  20:44  Spore Crawler  
  176  20:50  Hydralisk x3  
  176  20:51  Hydralisk  
  184  21:03  Hatchery  
  171  21:07  Zergling x28  
  185  21:11  Zergling x4  
  185  21:12  Zergling x6  
  185  21:18  Zergling x16  
  199  21:21  Pathogen Glands  
  198  21:26  Baneling x2  
  198  21:27  Baneling x5  
  198  21:31  Drone x2  
  197  21:42  Lurker x3  
  200  21:47  Hatchery  
  200  21:48  Overseer  
  200  21:53  Zergling x2  
  197  22:06  Lurker x3  
  200  22:08  Overseer x2  
  200  22:09  Overseer x2  
  196  22:19  Hatchery  
  196  22:21  Zergling x8  
  199  22:24  Overseer  
  199  22:32  Zergling x4  
  182  22:38  Zergling x22  
  182  22:39  Zergling x10  
  189  22:44  Zergling x16  
  189  22:47  Lurker x3  
  189  22:49  Zergling x4  
  200  22:58  Baneling x11  
  200  23:01  Neural Parasite  
  198  23:11  Zergling x16  
  198  23:12  Zergling x22  
  199  23:22  Zergling x2  
  200  23:35  Overseer x5  
  199  23:52  Baneling x14  
  199  23:54  Zergling x2  
  200  23:59  Zergling x2  
  177  24:10  Zergling x16, Overseer x3  
  177  24:14  Zergling x6  
  177  24:16  Hydralisk  
  166  24:17  Zergling x36  
  166  24:23  Zergling x12, Overseer x3  
  175  24:25  Hydralisk  
  175  24:30  Zergling x6  
  161  24:33  Hydralisk x5  
  161  24:34  Hydralisk  
  161  24:36  Zergling x2  
  165  24:39  Baneling x28  
  165  24:40  Zergling x4  
  165  24:41  Zergling x2  
  165  24:43  Zergling x4  
  165  24:44  Extractor  
  165  24:45  Overseer x2  
  166  24:47  Zergling x6  
  166  24:48  Zergling x2  
  166  24:52  Lurker  
  170  24:53  Hydralisk x4, Zergling x8  
  170  24:55  Zergling x4  
  180  25:00  Zergling x4  
  173  25:14  Zergling x18  
  169  25:17  Zergling x12  
  169  25:19  Lurker x3  
  169  25:21  Spore Crawler  
  178  25:22  Spine Crawler  
Tags
 
Add a new tag
Caveats
  • Supply blocks, unpowered buildings, or Contaminate may cause inaccurate times.
  • Supply counts are checked every 10 seconds.